 Dungeon Crawl Stone Soup version 0.22-a0-410-g97be04f (webtiles) character file.

33 KristoblXynda the Insei (level 3, 0/23 HPs)
             Began as an Octopode Transmuter on May 11, 2018.
             Slain by a rat (2 damage)
             ... on level 1 of the Dungeon.
             The game lasted 00:01:22 (677 turns).

KristoblXynda the Insei (Octopode Transmuter)        Turns: 677, Time: 00:01:22

Health: 0/23       AC:  1    Str:  9    XL:     3   Next: 29%
Magic:  6/6        EV: 13    Int: 21    God:
Gold:   37         SH:  0    Dex: 12    Spells: 5/6 levels left

rFire    . . .     SeeInvis .     - Unarmed
rCold    . . .     Gourm    .   (no shield)
rNeg     . . .     Faith    .   (helmet restricted)
rPois    .         Spirit   .   (no amulet)
rElec    .         Reflect  .   (no ring)
rCorr    .         Harm     .   (no ring)
MR       .....                  (no ring)
Stlth    ++........             (no ring)
HPRegen  0.07/turn              (no ring)
MPRegen  0.10/turn              (no ring)
                                (no ring)
                                (no ring)

@: brilliant
A: almost no armour, stealthy swim, amphibious, 8 rings, constrict 8, camouflage
1, gelatinous body 1
a: no special abilities


You were on level 1 of the Dungeon.
You were not hungry.

You visited 1 branch of the dungeon, and saw 1 of its levels.

You collected 37 gold pieces.

Inventory:

Hand Weapons
 b - a +2 dagger of holy wrath
Missiles
 a - 12 arrows
Jewellery
 i - a cursed ring of loudness {unknown}
Scrolls
 e - 4 scrolls of identify {unknown}
 f - a scroll of teleportation {unknown}
 h - a scroll of remove curse {unknown}
Potions
 g - a potion of curing {unknown}
Comestibles
 c - 2 rations


   Skills:
 - Level 1.0 Fighting
 - Level 2.0 Dodging
 * Level 3.9 Unarmed Combat
 - Level 2.0 Spellcasting
 + Level 2.6 Transmutations


You had 5 spell levels left.
You knew the following spells:

 Your Spells              Type           Power        Failure   Level  Hunger
a - Beastly Appendage     Tmut           ####..       1%          1    #......


Dungeon Overview and Level Annotations

Branches:
Dungeon (1/15)

Altars:


Innate Abilities, Weirdness & Mutations

You cannot wear most types of armour.
You are very stealthy in the water. (Stealth+)
You are amphibious.
You can wear up to eight rings at the same time.
You can use your tentacles to constrict eight enemies at once.
Your skin changes colour to match your surroundings (Stealth+).
Your rubbery body absorbs attacks. (AC +1, EV +1)


Message History

You closely miss the kobold. Your grab misses the kobold. The rat bites you.
The kobold hits you with a short sword. The rat bites you.
You tentacle-slap the kobold. Your grab misses the kobold.
You kill the kobold!
The rat closely misses you. The rat bites you. The rat barely misses you.
The rat closely misses you.
Things that are here:
a short sword; a kobold corpse The rat bites you. x2
* * * LOW HITPOINT WARNING * * *
The rat bites you.
* * * LOW HITPOINT WARNING * * *
The rat misses you. The rat bites you.
* * * LOW HITPOINT WARNING * * *
Things that are here:
a short sword; a kobold corpse It was a potion of brilliance.
You feel clever all of a sudden. The rat bites you.
You die...

..........([..........
.##########.##........
..........##.#####.....
..........##.# #..#..
############....#
#..### ##.......##
#....# #.....
#.........###....#
#.####
..........r##)...#
#.####
.....(....@†(#...#
#.....
.........rr##....#
####..
#.........###....# #..
##.......## #....# #..
###############....#
#..
.......<......)....#
#..
.................###
### ..........###....#
#########.# #.####


You could see 3 rats.

Vanquished Creatures
  An ooze (D:1)
  2 dart slugs (D:1)
  A bat (D:1)
  A giant cockroach (D:1)
  2 goblins (D:1)
  4 hobgoblins (D:1)
  3 kobolds (D:1)
  12 rats (D:1)
26 creatures vanquished.

Notes
Turn   | Place    | Note
-------+----------+-------------------------------------------
     0 | D:1      | KristoblXynda the Octopode Transmuter began the quest for the Orb.
     0 | D:1      | Reached XP level 1. HP: 13/13 MP: 3/3
   109 | D:1      | Reached XP level 2. HP: 8/18 MP: 5/5
   502 | D:1      | Reached XP level 3. HP: 19/23 MP: 6/6
   677 | D:1      | Slain by a rat

Vault maps used:
D:1:      erik_arrival_orb_chamber

Action                   || total
-------------------------++-------
Melee: Unarmed           ||    48
       Constrict         ||    14
       Tentacles         ||     6
       Kick              ||     4
       Punch             ||     3
 Cast: Beastly Appendage ||     2
  Use: Potion            ||     1
 Stab: Sleeping          ||     1
Armor: Skin              ||     7
Dodge: Dodged            ||    23

Table legend:
 A = Spawn XP
 B = Non-spawn XP
 C = Spawn XP percentage of total XP
 D = Spawn monster count
 E = Non-spawn monster count
 F = Spawn count percentage of total count
 G = Total turns spent on level
                    A         B        C        D         E        F      G
               +---------+---------+-------+---------+---------+-------+---------
         Total |       0 |      48 |   0.0 |       0 |      26 |   0.0 |   677
               +---------+---------+-------+---------+---------+-------+---------
           D:1 |       0 |      48 |   0.0 |       0 |      26 |   0.0 |   677
               +---------+---------+-------+---------+---------+-------+---------
